 Dungeon Crawl Stone Soup version 0.21.0-3-g78d12a8 (webtiles) character file.

268 zephron84 the Slasher (level 6, -5/53 HPs)
             Began as a Draconian Berserker on Jan 17, 2018.
             Was a Believer of Trog.
             Slain by a gnoll
             ... wielding a +0 spear
              (7 damage)
             ... on level 3 of the Dungeon.
             The game lasted 00:08:41 (2356 turns).

zephron84 the Slasher (Draconian Berserker)         Turns: 2356, Time: 00:08:46

Health: -5/53      AC:  7    Str: 20    XL:     6   Next: 1%
Magic:  6/6        EV: 12    Int:  8    God:    Trog [**....]
Gold:   149        SH:  0    Dex: 11    Spells: 5/5 levels left

rFire    . . .     SeeInvis .   s - +2 scythe (venom)
rCold    . . .     Gourm    .   (shield currently unavailable)
rNeg     . . .     Faith    .   (armour unavailable)
rPois    .         Spirit   .   (helmet restricted)
rElec    .         Reflect  .   (no cloak)
rCorr    .         Harm     .   (no gloves)
MR       .....                  l - +0 pair of boots
Stlth    ++........             (no amulet)
HPRegen  0.17/turn              k - ring of stealth
MPRegen  0.10/turn              (no ring)

@: no status effects
A: unfitting armour, cold-blooded, AC +6
a: Berserk, Trog's Hand, Burn Spellbooks, Renounce Religion


You were on level 3 of the Dungeon.
You worshipped Trog.
Trog was pleased with you.
You were not hungry.

You visited 1 branch of the dungeon, and saw 3 of its levels.

You collected 149 gold pieces.

Inventory:

Hand Weapons
 a - a +0 falchion
 n - a +0 falchion
 s - a +2 scythe of venom (weapon)
Missiles
 i - 59 arrows
 u - 3 javelins of returning (quivered)
Armour
 l - a +0 pair of boots (worn)
 q - a +0 pair of boots
Jewellery
 k - a ring of stealth (left hand)
Wands
 v - a wand of random effects (40)
Scrolls
 c - a scroll of amnesia {unknown}
 d - a scroll of fog {unknown}
 e - 2 scrolls of teleportation {unknown}
 g - 2 scrolls of remove curse {unknown}
 h - a scroll of blinking {unknown}
 j - 6 scrolls of identify {unknown}
 o - a scroll of enchant weapon {unknown}
 p - 2 scrolls of magic mapping {unknown}
Potions
 f - a potion of haste {unknown}
 m - 2 potions of mutation {unknown}
 r - 3 potions of curing {unknown}
Comestibles
 b - 3 rations
 t - 3 chunks of flesh


   Skills:
 - Level 4.4 Fighting
 - Level 5.9 Long Blades
 + Level 1.4 Polearms
 - Level 2.6 Dodging


You had 5 spell levels left.
You didn't know any spells.

Dungeon Overview and Level Annotations

Branches:
Dungeon (3/15)

Altars:
Dithmenos
Gozag


Innate Abilities, Weirdness & Mutations

Your plain brown scales are hard. (AC +6)
You cannot fit into any form of body armour.
You are cold-blooded and may be slowed by cold attacks.


Message History

Trog accepts your kill.
You have reached level 6!
Your experience leads to an increase in your attributes!
Increase (S)trength, (I)ntelligence, or (D)exterity?
You feel stronger.
Your scales feel tougher.
The gnoll barely misses you.
The gnoll hits you from afar with a spear.
The gnoll hits you with a spear!
The gnoll hits you from afar with a halberd of chopping!
* * * LOW HITPOINT WARNING * * *
Things that are here:
a flail; a gnoll corpse You hit the gnoll.
The gnoll is poisoned.
The gnoll is heavily wounded.
The gnoll hits you with a spear.
* * * LOW HITPOINT WARNING * * *
The gnoll hits you from afar with a halberd of chopping!
* * * LOW HITPOINT WARNING * * *
x2 The gnoll hits you with a spear!
You die...

##########
#........########
#............@gg#
#........######.#
#####..### ..
##..###### ##
##......###
######..># ##
###.# ..
##.#######. #..
###.......... #.#


You could see 2 gnolls.

Vanquished Creatures
  Sigmund (D:3)
  A gnoll (D:3)
  6 adders
  An ooze (D:1)
  A dart slug (D:3)
  A leopard gecko (D:1)
  2 orcs (D:3)
  5 bats
  4 giant cockroaches
  3 goblins (D:1)
  3 hobgoblins
  4 jackals (D:2)
  4 quokkas
  4 frilled lizards
  2 kobolds
  7 rats
49 creatures vanquished.

Notes
Turn   | Place    | Note
-------+----------+-------------------------------------------
     0 | D:1      | zephron84 the Draconian Berserker began the quest for the Orb.
     0 | D:1      | Reached XP level 1. HP: 19/19 MP: 1/1
    58 | D:1      | Reached XP level 2. HP: 26/26 MP: 2/2
   731 | D:2      | Reached XP level 3. HP: 31/33 MP: 3/3
   813 | D:2      | Reached skill level 4 in Long Blades
   850 | D:2      | Found an opulent altar of Gozag.
   946 | D:2      | Found a shadowy altar of Dithmenos.
   982 | D:2      | Reached ** piety under Trog
  1005 | D:2      | Reached XP level 4. HP: 25/40 MP: 4/4
  1601 | D:3      | Noticed Sigmund
  1678 | D:3      | Killed Sigmund
  1678 | D:3      | Reached skill level 5 in Long Blades
  1678 | D:3      | Reached XP level 5. HP: 35/47 MP: 5/5
  2150 | D:3      | Reached skill level 1 in Polearms
  2354 | D:3      | Reached XP level 6. HP: 40/53 MP: 6/6
  2356 | D:3      | HP: 2/53 [gnoll/halberd of chopping (2)]
  2356 | D:3      | Slain by a gnoll

Skill      XL: |  1  2  3  4  5 |
---------------+----------------+-----
Long Blades    | 4 5 |  5.9
Fighting       | 4 |  4.4
Polearms       | 1 |  1.4
Dodging        | |  2.6

Action                   |  1- 3 |  4- 6 || total
-------------------------+-------+-------++-------
Melee: Falchion          |    83 |    35 ||   118
       Tailslap          |     8 |     4 ||    12
       Scythe            |       |    29 ||    29
Invok: Berserk           |       |     1 ||     1
       Trog's Hand       |       |     1 ||     1
 Stab: Sleeping          |     2 |     1 ||     3
  Eat: Chunk             |       |     6 ||     6
Armor: Skin              |    25 |    32 ||    57
Dodge: Dodged            |    77 |    57 ||   134
       Rpst.: Falchion   |    26 |     4 ||    30
